 Dungeon Crawl Stone Soup version 0.31-a0-691-g409c26aa35 (webtiles) character file.

Game seed: 1929692591970713779

362 qw the Shooter (level 6, 0/38 HPs)
             Began as a Gargoyle Hunter on Sept 6, 2023.
             Slain by Grinder (3 damage)
             ... on level 4 of the Dungeon.
             The game lasted 00:01:05 (2819 turns).

qw the Shooter (Gargoyle Hunter)                    Turns: 2819, Time: 00:01:05

Health: 0/38       AC:  8    Str: 14    XL:     6   Next: 66%
Magic:  6/6        EV: 11    Int: 10    God:
Gold:   70         SH:  0    Dex: 15    Spells: 5/5 levels left

rFire   . . .        Y - +1 shortbow
rCold   . . .        (shield currently unavailable)
rNeg    + . .        c - +0 leather armour
rPois   inf          (no helmet)
rElec   +            (no cloak)
rCorr   .            f - +0 pair of gloves
SInv    .            (no boots)
Will    .....        (no amulet)
Stlth   ++           (no ring)
HPRegen 0.26/turn    (no ring)
MPRegen 0.10/turn

%: no passive effects
@: no status effects
A: sickness immunity, AC +4, negative energy resistance 1, electricity
resistance, torment resistance 1, petrification resistance
a: no special abilities


You were on level 4 of the Dungeon.
You visited 1 branch of the dungeon, and saw 4 of its levels.

You collected 70 gold pieces.


Innate Abilities, Weirdness & Mutations

You are immune to sickness and miasma.
Your stone body is resilient. (AC +4)
You are immune to poison.
You resist negative energy. (rN+)
You are resistant to electric shocks. (rElec)
You are resistant to unholy torment.
You are immune to petrification.


   Skills:
 - Level 4.0 Fighting
 - Level 7.0 Ranged Weapons
 - Level 1.1 Armour
 + Level 1.5 Dodging
 - Level 1.1 Stealth


You had 5 spell levels left.
You didn't know any spells.
Your spell library was empty.

Inventory:

Hand Weapons
 Y - a +1 shortbow (weapon)
Armour
 c - a +0 leather armour (worn)
 f - a +0 pair of gloves (worn)
Jewellery
 b - a ring of protection from fire
 k - a ring of positive energy
Scrolls
 g - a scroll of identify
Potions
 a - 3 potions of curing
 d - a potion of invisibility {unknown}
 e - a potion of lignification {unknown}
 h - a potion of resistance
 i - 2 potions of heal wounds {unknown}
 j - a potion of berserk rage {unknown}
 l - 2 potions of mutation {unknown}

Dungeon Overview and Level Annotations

Branches:
Dungeon (4/15)
 Temple: D:4-7

Altars:

Annotations:
D:4 Grinder


Message History

Grinder hits you but does no damage.
You shoot an arrow. The arrow barely misses Grinder.
Grinder hits you.
You writhe in agony.
You shoot an arrow. The arrow barely misses Grinder.
Grinder gestures at you.
You suddenly lose the ability to move!
Grinder hits you!
You writhe in agony.
Grinder hits you.
You writhe in agony.
Grinder blinks!
Grinder says, "Mostly I couldn't keep them alive."
Grinder gestures at you.
You barely resist.
You can move again.
You shoot an arrow. The arrow barely misses Grinder.
Grinder closely misses you.
You shoot an arrow. The arrow closely misses Grinder.
Grinder hits you.
You shoot an arrow. The arrow hits Grinder.
Grinder is lightly wounded.
Grinder rolls her eyes.
Grinder hits you but does no damage. Grinder closely misses you.
You shoot an arrow. The arrow hits Grinder.
Grinder is lightly wounded.
Grinder hits you but does no damage.
You shoot an arrow. The arrow closely misses Grinder.
Grinder closely misses you.
You shoot an arrow. The arrow hits Grinder.
Grinder is moderately wounded.
Grinder gestures at you. Pain shoots through your body!
You shoot an arrow. The arrow barely misses Grinder.
Grinder hits you.
You writhe in agony.
You shoot an arrow. The arrow closely misses Grinder.
Grinder barely misses you.
You shoot an arrow. The arrow closely misses Grinder.
Grinder barely misses you.
You shoot an arrow. The arrow closely misses Grinder.
Grinder hits you.
You die...
Grinder says, "Now the real fun starts!"

#.# #.# #.# #.....
#.####.####.### #.....
#.##..........# #.....
#.##.#.####.#.#######.....
####.##...# #...#...........
#.....'#### ####'####.##.#.#
#.#######.#####...# #.##.#..
#.# #....##..## #.##.#.# #.#
#@##..# #......#
#%##########5##..# ###.>..###
#.##.......#.##..# #........#
#.##.#####.#.##..###........#
#.##.# #.#.##............:.
#....# #.#.##..........###.
####.# #.#.#########..?# #.
#.#####.#.# ##### #.
#.........# #.


You could see Grinder.

Vanquished Creatures
  A scorpion (D:4)
  2 hounds (D:4)
  2 iguanas
  2 orc wizards (D:4)
  4 gnolls (D:4)
  3 adders
  An ufetubus (D:4)
  A worm (D:2)
  3 dart slugs
  6 orcs
  6 endoplasms
  A giant cockroach (D:2)
  7 goblins
  7 hobgoblins
  4 jackals (D:4)
  8 ball pythons
  5 bats
  3 frilled lizards (D:1)
  5 kobolds
  2 rats (D:3)
73 creatures vanquished.

Notes
Turn   | Place    | Note
-------+----------+-------------------------------------------
     0 | D:1      | qw the Gargoyle Hunter began the quest for the Orb.
     0 | D:1      | Reached XP level 1. HP: 12/12 MP: 1/1
     0 | D:1      | 0 ||| qw: Version: 0.3-a-76-g4403597
     0 | D:1      | 0 ||| qw: Game counter: 6
     0 | D:1      | 0 ||| qw: Melee chars always use a shield: true
     0 | D:1      | 0 ||| qw: God list: Okawaru
     0 | D:1      | 0 ||| qw: Allow faded altars: false
     0 | D:1      | 0 ||| qw: Do Orc after clearing Dungeon:15 true
     0 | D:1      | 0 ||| qw: Do second Lair branch before Depths: true
     0 | D:1      | 0 ||| qw: Lair rune preference: random
     0 | D:1      | 0 ||| qw: Goals: Normal
     0 | D:1      | 0 ||| PLANNING D:1-11
    69 | D:1      | Found a faded altar of an unknown god.
   203 | D:1      | Reached XP level 2. HP: 17/17 MP: 2/2
   508 | D:1      | 508 ||| DRINKING 2 smoky cyan potions.
   509 | D:1      | 509 ||| DRINKING 2 black potions.
   510 | D:1      | 510 ||| DRINKING potion of curing.
   510 | D:1      | 510 ||| (to cure confusion)
   511 | D:1      | 511 ||| DROPPING scroll of butterflies.
   512 | D:1      | 512 ||| DROPPING potion of ambrosia.
   560 | D:2      | Reached XP level 3. HP: 21/21 MP: 3/3
   563 | D:2      | Reached skill level 5 in Ranged Weapons
   900 | D:2      | 900 ||| READING scroll labelled CAMMIO OSAI.
   904 | D:2      | 904 ||| READING scroll labelled UNUOPSY CIKHLAV.
   905 | D:2      | 905 ||| READING 2 scrolls labelled ASHOSI TUIHEFI.
   906 | D:2      | 906 ||| READING scroll labelled LYTUYNTEFY.
   907 | D:2      | 907 ||| READING scroll labelled AHACEE KAHARGHU.
   908 | D:2      | 908 ||| READING scroll labelled XAGGORGHIAST.
   909 | D:2      | 909 ||| READING scroll labelled QUAFUM FAEP.
   910 | D:2      | 910 ||| READING scroll labelled NISCHO HAFURAC.
   911 | D:2      | 911 ||| DRINKING 2 white potions.
  1259 | D:3      | Reached skill level 3 in Fighting
  1343 | D:3      | Reached XP level 4. HP: 22/28 MP: 4/4
  1453 | D:3      | 1453 ||| Stepping ~*~*~tactically~*~*~ (outnumbered).
  1514 | D:3      | 1514 ||| Stepping ~*~*~tactically~*~*~ (outnumbered).
  1537 | D:3      | HP: 7/28 [iguana (2)]
  1776 | D:3      | 1776 ||| UPGRADING to +0 pair of gloves.
  1781 | D:3      | 1781 ||| READING scroll labelled QEISARGH PIEKEL.
  1782 | D:3      | 1782 ||| READING scroll labelled CATIUR OCLESET.
  1783 | D:3      | 1783 ||| READING scroll labelled BEASKY QUFU.
  1871 | D:4      | Reached XP level 5. HP: 32/32 MP: 5/5
  2050 | D:4      | Reached skill level 6 in Ranged Weapons
  2062 | D:4      | Reached skill level 1 in Armour
  2215 | D:4      | Reached XP level 6. HP: 36/38 MP: 6/6
  2567 | D:4      | HP: 3/38 [iguana (8)]
  2739 | D:4      | Reached skill level 7 in Ranged Weapons
  2799 | D:4      | Noticed Grinder
  2805 | D:4      | Paralysed by Grinder for 5 turns
  2815 | D:4      | HP: 8/38 [Grinder/nerve-wracking pain (7)]
  2816 | D:4      | HP: 2/38 [Grinder (2)]
  2819 | D:4      | Slain by Grinder

Levels and vault maps discovered:
D:1:      ncdulo_smallfort, layout_rooms, basic_ecumenical_altar,
          chequers_serial_rivers_small_b
D:2:      layout_basic
D:3:      minmay_octagon_keep, layout_loops_ring
D:4:      layout_loops_ring, roderic_st_hans_cross, kennysheep_generic_room_10,
          uniq_grinder

Skill      XL: |  1  2  3  4  5  6 |
---------------+-------------------+-----
Ranged Weapons | 5 6 7 |  7.0
Fighting       | 3 4 |  4.0
Armour         | 1 |  1.1
Dodging        | |  1.5
Stealth        | |  1.1

Action                     |  1- 3 |  4- 6 || total
---------------------------+-------+-------++-------
   Fire: Shortbow          |   114 |   167 ||   281
    Use: Potion            |     4 |       ||     4
         Scroll            |     8 |     3 ||    11
 Armour: Leather armour    |    26 |    80 ||   106
  Dodge: Dodged            |    32 |    55 ||    87

Table legend:
 A = Non-vault XP
 B = Vault XP
 C = Vault XP percentage of total XP
 D = Non-vault monster count
 E = Vault monster count
 F = Vault count percentage of total count
                 A         B        C        D         E       F
            +---------+---------+-------+---------+---------+-------
      Total |     443 |      75 |  14.5 |      57 |      16 |  21.9
            +---------+---------+-------+---------+---------+-------
        D:1 |      17 |       0 |   0.0 |      11 |       0 |   0.0
        D:2 |      32 |       0 |   0.0 |      10 |       0 |   0.0
        D:3 |      41 |      70 |  63.1 |      16 |      14 |  46.7
        D:4 |     353 |       5 |   1.4 |      20 |       2 |   9.1
            +---------+---------+-------+---------+---------+-------
